 Dungeon Crawl Stone Soup version 0.19.1 (webtiles) character file.

3543 Host24 the Fighter (level 10, -2/70 HPs)
             Began as a Kobold Hunter on Dec 31, 2016.
             Was an Initiate of Okawaru.
             Slain by a bullfrog (7 damage)
             ... on level 7 of the Dungeon.
             The game lasted 00:15:52 (8835 turns).

Host24 the Fighter (Kobold Hunter)                  Turns: 8835, Time: 00:15:52

Health: -2/70      AC: 14    Str: 11    XL:     10   Next: 29%
Magic:  10/10      EV: 22    Int: 12    God:    Okawaru [......]
Gold:   433        SH:  0    Dex: 18    Spells: 0 memorised, 9 levels left

rFire  + . .     SeeInvis .     G - +5 dagger "Ohyoryiz" {protect, *Noise rElec rPois rF+}
rCold  + . .     Gourm    .     q - +2 robe {rC+}
rNeg   . . .     Faith    .     (shield restricted)
rPois  +         Spirit   .     N - +0 helmet
rElec  +         Reflect  .     o - +0 cloak
rCorr  .         Harm     .     p - +0 pair of gloves
MR     .....                    (no boots)
Stlth  ++........               (no amulet)
                                (no ring)
                                (no ring)

@: protection aura
A: carnivore 3
a: Renounce Religion


You were on level 7 of the Dungeon.
You worshipped Okawaru.
Okawaru was noncommittal.
You were very full.

You visited 2 branches of the dungeon, and saw 9 of its levels.

You collected 433 gold pieces.

Inventory:

Hand Weapons
 a - a +1 hand crossbow
 y - a +2 dagger of chaos
 z - a +2 quarterstaff of chaos
 D - a +0 quarterstaff of crushing
 G - the +5 dagger "Ohyoryiz" (weapon) {protect, *Noise rElec rPois rF+}
   (You found it on level 5 of the Dungeon)

   It protects the one who uses it against injury (+AC on strike).
   It protects you from fire.
   It insulates you from electricity.
   It protects you from poison.
   It may make noises in combat.
 Q - a +1 dagger of draining
 S - a +0 blowgun
Missiles
 d - 67 bolts
 e - 210 stones (quivered)
 h - 5 poisoned needles
 s - 98 arrows
 I - 5 tomahawks
 U - 25 sling bullets
Armour
 o - a +0 cloak (worn)
 p - a +0 pair of gloves (worn)
 q - a +2 robe of cold resistance (worn)
 B - a +0 cloak
 N - a +0 helmet (worn)
 R - a +1 scale mail of fire resistance
Magical Staves
 T - an uncursed staff of earth
Jewellery
 i - an uncursed ring of fire {unknown}
 C - a cursed ring of teleportation {unknown}
Wands
 t - a wand of lightning (8/15)
 F - a wand of lightning (5/15)
 L - a wand of paralysis (13/24)
Scrolls
 k - 5 scrolls of identify
 l - 3 scrolls of teleportation {unknown}
 m - 2 scrolls of blinking {unknown}
 n - 2 scrolls of remove curse
 w - 5 scrolls of enchant armour {unknown}
 E - a scroll of fear {unknown}
 J - a scroll of random uselessness {unknown}
 M - a scroll of magic mapping {unknown}
 O - a scroll of amnesia {unknown}
 P - a scroll of recharging {unknown}
Potions
 c - a potion of invisibility {unknown}
 j - 2 potions of curing
 r - a potion of berserk rage {unknown}
 u - 4 potions of brilliance {unknown}
 v - 4 potions of lignification
 x - a potion of might
 A - 2 potions of agility {unknown}
 H - a potion of haste
 K - a potion of flight {unknown}
Comestibles
 b - a royal jelly
 f - 6 meat rations
 g - a beef jerky


   Skills:
 - Level 11.3 Fighting
 + Level 9.1 Crossbows
 - Level 9.0 Dodging
 - Level 1.3 Stealth


You had 9 spell levels left.
You didn't know any spells.

Dungeon Overview and Level Annotations

Branches:
Dungeon (8/15)             Temple (1/1) D:4
   Lair: D:8-11

Altars:
Ashenzari
Cheibriados
Dithmenos
Elyvilon
Fedhas
Hepliaklqana
Kikubaaqudgha
Makhleb
Nemelex Xobeh
Okawaru
Qazlal
Ru
Sif Muna
Trog
Uskayaw
Vehumet
Xom
Yredelemnul
Zin
The Shining One

Shops:
D:4 (   D:5 :   D:6 ?

Annotations:
D:8 Host24's ghost, novice KoHu


Innate Abilities, Weirdness & Mutations

You are small and have problems with some larger weapons.
You are carnivorous and can eat meat at any time.


Message History

The bullfrog hits you but does no damage.
The orc closely misses you. The bullfrog hits you.
* * * LOW HITPOINT WARNING * * *
You climb upwards.
There is a stone staircase leading down here.
The bullfrog closely misses you.
Wield which item (- for none, * to show all)? (? for menu, Esc to quit)
The +5 dagger "Ohyoryiz" {protect, *Noise rElec rPois rF+} hums with potential!
G - the +5 dagger "Ohyoryiz" (weapon)
{protect, *Noise rElec rPois rF+} You barely miss the bullfrog.
The bullfrog hits you.
* * * LOW HITPOINT WARNING * * *
The bullfrog completely misses you.
You hit the bullfrog.
Your weapon exudes an aura of protection.
The bullfrog is lightly wounded.
The bullfrog completely misses you.
You barely miss the bullfrog.
The bullfrog is lightly wounded.
The bullfrog hits you!
You die...

####### #.....####
##########
#........#########........#
##............oF@.#.######.#
..........##..>##.#.# #.#
.#........#.....#.#.######.#
.##..##.................##.#
.#...###..#.....#.#.###.##.#
......##<.........#.# #.##.#
.#...###..##.######.###.##.#
.##.......##.# #........#
.##.####.###+## #####.####


You could see a bullfrog and an orc.

Vanquished Creatures
  The ghost of desin the Grappler, a novice TrTm of Sif Muna (D:7)
  Pikel (D:4)
  A hornet (D:8)
  A hippogriff (D:6)
  Sigmund (D:3)
  Edmund (D:4)
  A sky beast (D:7)
  2 ice beasts
  2 slaves (D:4)
  4 ogres
  A phantom (D:4)
  A gnoll sergeant (D:6)
  A bullfrog (D:6)
  A scorpion (D:5)
  A howler monkey (D:6)
  3 crimson imps
  A centaur zombie (D:5)
  A bullfrog zombie (D:7)
  A jelly (D:7)
  5 hounds
  A centaur skeleton (D:8)
  An orc priest (D:8)
  2 bullfrog skeletons (D:6)
  An iron imp (D:8)
  Crazy Yiuf (D:4)
  4 worker ants
  A hound skeleton (D:5)
  A worker ant zombie (D:6)
  12 gnolls
  11 adders
  4 shadow imps
  An ooze (D:4)
  An adder skeleton (D:5)
  An adder zombie (D:7)
  3 worms
  3 dart slugs
  2 leopard geckos
  10 orcs
  9 bats
  2 giant cockroaches
  8 goblins
  2 hobgoblins
  13 jackals
  6 kobolds
  4 quokkas
  A ball python (D:5)
  3 frilled lizards
  A quokka skeleton (D:5)
  A quokka zombie (D:5)
  3 rats (D:2)
144 creatures vanquished.

Vanquished Creatures (others)
  A jackal (D:4)
1 creature vanquished.

Grand Total: 145 creatures vanquished

Notes
Turn   | Place    | Note
-------+----------+-------------------------------------------
     0 | D:1      | Host24 the Kobold Hunter began the quest for the Orb.
     0 | D:1      | Reached XP level 1. HP: 12/12 MP: 1/1
   247 | D:1      | Reached XP level 2. HP: 16/18 MP: 2/2
   263 | D:1      | Reached skill level 3 in Fighting
  1101 | D:2      | Reached XP level 3. HP: 24/24 MP: 3/3
  1116 | D:2      | Reached skill level 4 in Fighting
  1117 | D:2      | Reached XP level 4. HP: 8/30 MP: 4/4
  2261 | D:3      | Noticed Sigmund
  2288 | D:3      | Killed Sigmund
  2288 | D:3      | Reached XP level 5. HP: 13/34 MP: 5/5
  2288 | D:3      | Reached XP level 6. HP: 15/39 MP: 6/6
  2410 | D:3      | Reached skill level 5 in Crossbows
  2609 | D:3      | Found a stormy altar of Qazlal.
  3044 | D:3      | Found a burning altar of Makhleb.
  3045 | D:3      | Found a shimmering altar of Xom.
  3146 | D:4      | Noticed an ogre
  3171 | D:4      | Killed an ogre
  3171 | D:4      | Reached XP level 7. HP: 44/44 MP: 7/7
  3230 | D:4      | Found a sacrificial altar of Ru.
  3277 | D:4      | Noticed Edmund
  3301 | D:4      | Killed Edmund
  3301 | D:4      | Reached skill level 5 in Fighting
  3617 | D:4      | Found a staircase to the Ecumenical Temple.
  3623 | Temple   | Entered the Ecumenical Temple
  3975 | D:4      | Found Silempyo's Weapon Emporium.
  4129 | D:4      | Noticed Pikel
  4175 | D:4      | Killed Pikel
  4175 | D:4      | Reached skill level 8 in Fighting
  4175 | D:4      | Reached XP level 8. HP: 30/55 MP: 8/8
  4651 | D:4      | Found a runed door.
  4817 | D:4      | Noticed Crazy Yiuf
  4819 | D:4      | Killed Crazy Yiuf
  4881 | D:5      | Entered Level 5 of the Dungeon
  5487 | D:5      | Got a faintly glowing dagger
  5489 | D:5      | Identified the +5 dagger "Ohyoryiz" {protect, *Noise rElec rPois rF+} (You found it on level 5 of the Dungeon)
  5500 | D:5      | Reached XP level 9. HP: 58/60 MP: 9/9
  5679 | D:5      | Found Boziuxel's Book Shoppe.
  6203 | D:6      | Found a bloodstained altar of Trog.
  6355 | D:6      | Reached skill level 9 in Fighting
  6612 | D:6      | Noticed a hippogriff
  6652 | D:6      | Killed a hippogriff
  6652 | D:6      | Reached skill level 10 in Fighting
  6867 | D:6      | Found Jirodot's Magic Scroll Shop.
  7315 | D:7      | Noticed desin's ghost (novice TrTm)
  7375 | D:7      | Killed desin's ghost
  7375 | D:7      | Reached skill level 11 in Fighting
  7375 | D:7      | Reached XP level 10. HP: 46/70 MP: 10/10
  7649 | D:7      | Found a shadowy altar of Dithmenos.
  7650 | D:7      | Found a hide-covered altar of Uskayaw.
  7650 | D:7      | Found a white marble altar of Elyvilon.
  7650 | D:7      | Found a shattered altar of Ashenzari.
  8069 | D:7      | Found an iron altar of Okawaru.
  8069 | D:7      | Found a radiant altar of Vehumet.
  8074 | D:7      | Became a worshipper of Warmaster Okawaru
  8286 | D:8      | Noticed Host24's ghost (novice KoHu)
  8574 | D:8      | Found a sacrificial altar of Ru.
  8638 | D:8      | Found a snail-covered altar of Cheibriados.
  8713 | D:8      | Paralysed by a hornet for 2 turns
  8835 | D:7      | Slain by a bullfrog

Skill      XL: |  1  2  3  4  5  6  7  8  9 10 |
---------------+-------------------------------+-----
Fighting       | 3 4 8 11 | 11.3
Dodging        | 6 7 9 |  9.0
Crossbows      | 6 7 9 |  9.1
Stealth        | |  1.3

Action                   |  1- 3 |  4- 6 |  7- 9 | 10-12 || total
-------------------------+-------+-------+-------+-------++-------
Melee: Short sword       |    74 |   135 |    61 |       ||   270
       Dagger            |       |     6 |   245 |    78 ||   329
       Quarterstaff      |       |       |    80 |    39 ||   119
 Fire: Hand crossbow     |    12 |    30 |   103 |    10 ||   155
  Use: Potion            |       |     1 |     8 |       ||     9
       Scroll            |       |       |     2 |       ||     2
 Stab: Sleeping          |       |     4 |     2 |     2 ||     8
       Petrified         |       |       |     7 |       ||     7
       Petrifying        |       |       |     1 |     1 ||     2
       Paralysed         |       |       |     1 |       ||     1
       Distracted        |       |       |     1 |       ||     1
  Eat: Chunk             |     4 |    11 |    15 |     4 ||    34
Armor: Leather armour    |    14 |    18 |       |       ||    32
       Robe              |       |    18 |    80 |    28 ||   126
       Skin              |       |       |     7 |       ||     7
Dodge: Dodged            |    58 |   157 |   446 |   149 ||   810
